 Dungeon Crawl Stone Soup version 0.23.0 (webtiles) character file.

Game seed: 3274743680192971221

744 Gazerockf the Fighter (level 7, -1/72 HPs)
             Began as a Minotaur Berserker on Feb 17, 2019.
             Was a Priest of Trog.
             Slain by a gnoll
             ... wielding a +0 spear
              (11 damage)
             ... on level 6 of the Dungeon.
             The game lasted 00:11:45 (4973 turns).

Gazerockf the Fighter (Minotaur Berserker)          Turns: 4973, Time: 00:11:46

Health: -1/72      AC:  3    Str: 24    XL:     7   Next: 47%
Magic:  7/7        EV: 12    Int:  4    God:    Trog [***...]
Gold:   245        SH:  0    Dex:  9    Spells: 7/7 levels left

rFire    . . .     SeeInvis .   a - +0 falchion
rCold    . . .     Gourm    .   (no shield)
rNeg     . . .     Faith    .   b - +0 animal skin
rPois    .         Spirit   .   (helmet restricted)
rElec    .         Reflect  .   v - +0 cloak
rCorr    .         Harm     .   (no gloves)
MR       .....     Rnd*Tele +   (no boots)
Stlth    +.........             (no amulet)
HPRegen  0.22/turn              w - ring of flight
MPRegen  0.10/turn              z - ring of teleportation

@: berserk cooldown, slowed, very slow
A: retaliatory headbutt, horns 2
a: Berserk, Trog's Hand, Renounce Religion, Evoke Flight


You were on level 6 of the Dungeon.
You worshipped Trog.
Trog was most pleased with you.
You were very hungry.

You visited 1 branch of the dungeon, and saw 6 of its levels.

You collected 245 gold pieces.

Inventory:

Hand Weapons
 a - a +0 falchion (weapon)
 D - a +1 shortbow of freezing
 F - a +0 rapier
Missiles
 E - 35 arrows
Armour
 b - a +0 animal skin (worn)
 v - a +0 cloak (worn)
Jewellery
 w - a ring of flight (left hand)
 z - a ring of teleportation (right hand)
Wands
 u - a wand of digging (7)
 x - a wand of flame (17)
Scrolls
 f - 2 scrolls of blinking
 g - 2 scrolls of enchant armour
 j - 2 scrolls of enchant weapon
 l - 3 scrolls of fog
 n - 2 scrolls of amnesia
 o - 3 scrolls of noise
 p - 4 scrolls of teleportation
 r - a scroll of remove curse
 y - a scroll of random uselessness
Potions
 d - a potion of brilliance {unknown}
 e - a potion of experience
 h - 2 potions of ambrosia
 i - 2 potions of mutation {unknown}
 k - a potion of degeneration {unknown}
 m - a potion of agility {unknown}
 s - a potion of heal wounds {unknown}
 t - a potion of resistance {unknown}
 A - a potion of might {unknown}
 C - a potion of invisibility {unknown}
Comestibles
 c - 10 rations


   Skills:
 - Level 10.0 Fighting
 + Level 4.6 Long Blades
 - Level 2.4 Armour
 - Level 2.1 Dodging
 - Level 0.6 Spellcasting


You had 7 spell levels left.
You didn't know any spells.
Your spell library was empty.

Dungeon Overview and Level Annotations

Branches:
Dungeon (6/15)             Temple (0/1) D:6

Altars:
Ashenzari
Cheibriados
Makhleb
Uskayaw
Xom
Yredelemnul


Innate Abilities, Weirdness & Mutations

You reflexively headbutt those who attack you in melee.
You have a pair of horns on your head.


Message History

Trog accepts your kill.
The gnoll hits you from afar with a +0 spear.
* * * LOW HITPOINT WARNING * * *
You are no longer berserk.
You are exhausted.
You feel yourself slow down. The gnoll hits you with a +0 spear!
* * * LOW HITPOINT WARNING * * *
Things that are here:
a +0 spear; a gnoll corpse You hit the gnoll.
The gnoll is moderately wounded.
You feel strangely unstable.
You are suddenly yanked towards some nearby monsters!
Your surroundings seem slightly different.
A leopard gecko skeleton comes into view.
You feel better. The gnoll hits you with a +0 spear!
* * * LOW HITPOINT WARNING * * *
The gnoll hits you with a +0 spear!
You die...

#.##.......
..#...... .......
###.....### ...
#≈≈≈≈≈≈≈≈≈#....
..#≈#...Z.#≈#....
#..≈.......≈.....
...≈.......≈.....
...≈.?.>@..≈.....
...≈....g..≈.....
...≈.?....†≈.....
..#≈#!...)#≈#.###
. #≈≈≈≈≈))≈≈#.#
###...).###.#
........†...#
...###.....### .#
##....#


You could see a gnoll and a leopard gecko skeleton.

Vanquished Creatures
  A phantom (D:4)
  2 centaurs (D:5)
  A crimson imp (D:5)
  2 hounds
  2 orc priests
  2 iguanas
  An orc wizard (D:5)
  Ijyb (D:5)
  A worker ant (D:4)
  A hound skeleton (D:4)
  A howler monkey skeleton (D:5)
  3 gnolls (D:6)
  7 adders
  4 worms
  4 dart slugs
  3 leopard geckos
  9 orcs
  2 ball pythons
  7 bats
  4 giant cockroaches
  6 goblins
  9 hobgoblins
  6 jackals
  5 kobolds
  A quokka (D:2)
  7 frilled lizards
  7 rats
99 creatures vanquished.

Notes
Turn   | Place    | Note
-------+----------+-------------------------------------------
     0 | D:1      | Gazerockf the Minotaur Berserker began the quest for the
                  | Orb.
     0 | D:1      | Reached XP level 1. HP: 19/19 MP: 0/0
     0 | D:1      | Noticed an orb of fire
     2 | D:1      | Noticed an ice dragon
     3 | D:1      | Noticed an ice dragon
     3 | D:1      | Noticed a tentacled monstrosity
     7 | D:1      | Noticed an orb of fire
    10 | D:1      | Noticed an ice dragon
    10 | D:1      | Noticed a shadow dragon
    12 | D:1      | Noticed an orb of fire
    12 | D:1      | Noticed a shadow dragon
    14 | D:1      | Noticed a black draconian
    14 | D:1      | Noticed an orb of fire
    14 | D:1      | Noticed a shadow dragon
    16 | D:1      | Noticed a red draconian
    16 | D:1      | Noticed an iron dragon
    16 | D:1      | Noticed a shadow dragon
    18 | D:1      | Noticed an orb of fire
    20 | D:1      | Noticed a shadow dragon
   113 | D:1      | Reached skill level 4 in Fighting
   120 | D:1      | Reached XP level 2. HP: 18/28 MP: 1/1
   376 | D:1      | Reached skill level 5 in Fighting
   603 | D:1      | Reached XP level 3. HP: 33/36 MP: 2/2
   680 | D:2      | Reached ** piety under Trog
   786 | D:2      | HP: 1/37 [poisoned by an adder]
   791 | D:2      | HP: 1/37 [poisoned by an adder]
   906 | D:2      | Reached skill level 6 in Fighting
   906 | D:2      | Reached XP level 4. HP: 15/44 MP: 3/3
   915 | D:2      | HP: 1/44 [kobold (2)]
  1397 | D:2      | Found a shimmering altar of Xom.
  2109 | D:3      | Reached XP level 5. HP: 47/51 MP: 4/4
  2425 | D:4      | Reached skill level 7 in Fighting
  2439 | D:4      | Noticed a phantom
  2587 | D:4      | Killed a phantom
  2587 | D:4      | Reached *** piety under Trog
  2587 | D:4      | Reached skill level 8 in Fighting
  2691 | D:4      | Reached XP level 6. HP: 37/62 MP: 5/5
  2960 | D:4      | Found a hide-covered altar of Uskayaw.
  3151 | D:5      | Entered Level 5 of the Dungeon
  3160 | D:5      | Noticed Ijyb
  3515 | D:5      | Reached skill level 9 in Fighting
  3522 | D:5      | Killed Ijyb
  4162 | D:5      | Reached XP level 7. HP: 64/71 MP: 6/6
  4172 | D:5      | Reached skill level 10 in Fighting
  4375 | D:5      | Found a snail-covered altar of Cheibriados.
  4500 | D:5      | Found a burning altar of Makhleb.
  4778 | D:5      | Found a basalt altar of Yredelemnul.
  4787 | D:5      | Found a shattered altar of Ashenzari.
  4947 | D:6      | Found a staircase to the Ecumenical Temple.
  4973 | D:6      | Slain by a gnoll

Skill      XL: |  1  2  3  4  5  6  7 |
---------------+----------------------+-----
Fighting       | 4 5 6 8 9 10 | 10.0
Long Blades    | 4 |  4.6
Armour         | |  2.4
Dodging        | |  2.1
Spellcasting   | |  0.6

Action                   |  1- 3 |  4- 6 |  7- 9 || total
-------------------------+-------+-------+-------++-------
Melee: Falchion          |    66 |   132 |    28 ||   226
       Headbutt          |    11 |    23 |     8 ||    42
Invok: Berserk           |     1 |     1 |     1 ||     3
  Use: Potion            |     1 |     2 |     1 ||     4
       Scroll            |       |       |    15 ||    15
  Eat: Chunk             |     1 |    10 |       ||    11
       Ration            |       |       |     1 ||     1
Armor: Animal skin       |    12 |    23 |     6 ||    41
Dodge: Dodged            |    46 |    84 |    33 ||   163
       Rpst.: Falchion   |    13 |    23 |     9 ||    45
